 Dungeon Crawl Stone Soup version 0.31-a0-632-g766dd24fdf (webtiles) character file.

Game seed: 14710937487523345758

130 thirtiethelement the Shooter (level 4, -1/34 HPs)
             Began as a Demonspawn Hunter on Aug 26, 2023.
             Slain by an orc wizard
             ... wielding a +1 dagger of venom
              (3 damage)
             ... on level 3 of the Dungeon.
             The game lasted 00:05:17 (1783 turns).

thirtiethelement the Shooter (Demonspawn Hunter)    Turns: 1783, Time: 00:05:17

Health: -1/34      AC:  5    Str: 11    XL:     4   Next: 89%
Magic:  4/4        EV: 12    Int: 10    God:
Gold:   169        SH:  0    Dex: 19    Spells: 3/3 levels left

rFire   . . .        a - +0 shortbow
rCold   . . .        (shield currently unavailable)
rNeg    . . .        c - +0 leather armour
rPois   .            (helmet restricted)
rElec   .            f - +0 cloak
rCorr   .            (no gloves)
SInv    .            m - +0 pair of boots
Will    .....        (no amulet)
Stlth   +            (no ring)
HPRegen 0.25/turn    (no ring)
MPRegen 0.18/turn

%: no passive effects
@: confused, mighty, lethally poisoned (-1 -> -17)
A: antennae 1, powered by death 1, magic regeneration
a: no special abilities


You were on level 3 of the Dungeon.
You visited 1 branch of the dungeon, and saw 3 of its levels.

You collected 169 gold pieces.

Inventory:

Hand Weapons
 a - a +0 shortbow (weapon)
Armour
 c - a +0 leather armour (worn)
 f - a +0 cloak (worn)
 m - a +0 pair of boots (worn)
Jewellery
 g - a ring of ice
Scrolls
 b - a scroll of butterflies
 e - a scroll of vulnerability
 j - 2 scrolls of teleportation
 l - a scroll of blinking {unknown}
Potions
 h - a potion of magic {unknown}
 i - a potion of might
 k - a potion of lignification {unknown}


   Skills:
 + Level 2.7 Fighting
 + Level 5.1 Ranged Weapons
 + Level 1.2 Armour
 + Level 1.9 Dodging
 + Level 0.9 Stealth


You had 3 spell levels left.
You didn't know any spells.
Your spell library contained the following spells:

 Spells                   Type           Power      Damage    Failure   Level
 Scorch                   Fire           0%         2d5       58%         2
 Static Discharge         Conj/Air       0%         2-2/arc   58%         2
 Sublimation of Blood     Necr           0%         N/A       58%         2
 Wereblood                Tmut           0%         N/A       58%         2
 Airstrike                Air            0%         2d(0-16)  99%         4
 Flame Wave               Conj/Fire      0%         2d4       99%         4
 Summon Lightning Spire   Summ/Air       0%         N/A       99%         4
 Summon Cactus Giant      Summ           0%         N/A       100%        6
 Summon Hydra             Summ           0%         N/A       100%        7


Dungeon Overview and Level Annotations

Branches:
Dungeon (3/15)

Altars:


Innate Abilities, Weirdness & Mutations

You have a pair of small antennae on your head.
You regenerate a little health from kills.
You regenerate magic rapidly.


Message History

Deactivating autopickup; reactivate with Ctrl-A.
Something hits you.
You are more poisoned.
Fire: a) +0 shortbow
Press: ? - help, Q - select action Shift-Dir - straight line You shoot an arrow.
You feel very sick. Something hits you.
* * * LOW HITPOINT WARNING * * *
You are more poisoned.
It was a potion of heal wounds.
You feel much better.
You feel very sick. Something barely misses you.
You shoot an arrow.
You feel very sick. Something hits you but does no damage.
You are more poisoned.
You shoot an arrow.
You feel very sick. Something hits you.
You are lethally poisoned!
You shoot an arrow.
You feel very sick.
You hear some strange, mumbled words.
You are confused.
You feel very sick.
You hear some strange, mumbled words.
You are more confused.
* * * LOW HITPOINT WARNING * * *
You feel very sick.
* * * LOW HITPOINT WARNING * * *
You feel sick. Something hits you.
* * * LOW HITPOINT WARNING * * *
You are more poisoned.
It was a potion of might.
You feel very mighty all of a sudden.
* * * LOW HITPOINT WARNING * * *
You feel very sick. Something hits you.
You die...

###.### #.. ..#
#.# #.# #.#
#.#######
#.###.......#
#.....#####.#.###
###.)### #.#....
#.....# #.#####
#@{.?.# #......
#..)).# #######
#.....# #.....#
####.## ### #..
..# .## #.# .#
#.# #.#


There were no monsters in sight!

Vanquished Creatures
  A scorpion (D:2)
  An adder (D:2)
  2 worms (D:2)
  4 orcs (D:3)
  A bat (D:1)
  2 endoplasms
  6 giant cockroaches
  7 hobgoblins
  A quokka (D:1)
  7 ball pythons
  8 goblins
  9 kobolds
  3 rats
52 creatures vanquished.

Notes
Turn   | Place    | Note
-------+----------+-------------------------------------------
     0 | D:1      | thirtiethelement the Demonspawn Hunter began the quest for
                  | the Orb.
     0 | D:1      | Reached XP level 1. HP: 16/16 MP: 1/1
   275 | D:1      | Reached skill level 4 in Ranged Weapons
   275 | D:1      | Gained mutation: You regenerate a little health from kills.
                  | [demonic ancestry]
   275 | D:1      | Reached XP level 2. HP: 22/22 MP: 2/2
   762 | D:2      | Gained mutation: You regenerate magic rapidly. [demonic
                  | ancestry]
   762 | D:2      | Reached XP level 3. HP: 21/27 MP: 3/3
   994 | D:2      | Noticed a scorpion
  1007 | D:2      | Killed a scorpion
  1008 | D:2      | Reached skill level 5 in Ranged Weapons
  1008 | D:2      | Gained mutation: You have a pair of small antennae on your
                  | head. [demonic ancestry]
  1008 | D:2      | Reached XP level 4. HP: 9/34 MP: 4/4
  1326 | D:3      | Reached skill level 1 in Armour
  1783 | D:3      | Slain by an orc wizard

Illustrated notes

Levels and vault maps discovered:
D:1:      minmay_arrival_four_houses, layout_basic, minivault_25,
          minmay_pentomino_v2
D:2:      layout_rooms, minmay_fractal_squares_gapless_5
D:3:      layout_loops_ring

Skill      XL: |  1  2  3  4 |
---------------+-------------+-----
Ranged Weapons | 4 5 |  5.1
Armour         | 1 |  1.2
Fighting       | |  2.7
Dodging        | |  1.9
Stealth        | |  0.9

Action                     |  1- 3 |  4- 6 || total
---------------------------+-------+-------++-------
   Fire: Shortbow          |    99 |    68 ||   167
    Use: Scroll            |     3 |       ||     3
         Potion            |       |     2 ||     2
 Armour: Leather armour    |     9 |     4 ||    13
  Dodge: Dodged            |    21 |    11 ||    32

Table legend: (Time is in decaauts)
 A = Elapsed time spent in this place.
 B = Non-inter-level travel time spent in this place.
 C = Inter-level travel time spent in this place.
 D = Time resting spent in this place.
 E = Time spent auto-exploring this place.
 F = Levels seen in this place.
 G = Mean time per level.
                   A        B        C        D        E       F      G
               +--------+--------+--------+--------+--------+-----+--------+
         Total |   1818 |   1790 |     28 |     33 |   1416 |   3 |  606.0 |
       Dungeon |   1818 |   1790 |     28 |     33 |   1416 |   3 |  606.0 |
               +--------+--------+--------+--------+--------+-----+--------+

Top non-repeatable levels by time:
     D:2: 724 daAuts
     D:1: 594 daAuts
     D:3: 500 daAuts
